[Event "FIDE WYCC Open U14 2023"]
[Site "Montesilvano"]
[Date "2023.11.16"]
[Round "4.35"]
[White "Amankos, Zhanbolat"]
[Black "Fan, Jingyi"]
[Result "0-1"]
[ECO "B24"]
[WhiteElo "1164"]
[BlackElo "2035"]
[Annotator "NA RC"]
[PlyCount "66"]
[EventDate "2023.11.13"]
[EventType "swiss"]
[EventCountry "ITA"]
[SourceTitle "playchess.com"]
[Source "ChessBase"]
[SourceQuality "1"]
[TimeControl "40/5400+30:1800+30"]

1. e4 c5 2. Nc3 Nc6 3. Bb5 e6 4. Nf3 Nge7 5. Bxc6 Nxc6 6. O-O Be7 7. d4 cxd4 8. Nxd4 Qc7 9. Be3 O-O 10. f3 a6 11. Qd2 Ne5 12. Bf4 d6 13. b3 b5 14. Bg3 Bb7 15. f4 Ng4 16. Qd3 Rac8 17. Rf3 Qa5 18. h3 Nf6 19. Re1 d5 20. e5 Ne4 21. Nxe4 dxe4 22. Rxe4 Rfd8 23. Kh2 Bc5 24. c3 b4 25. Bh4 Rd7 26. Rg3 g6 27. Ree3 bxc3 28. f5 Rxd4 29. Qf1 Rxh4 30. fxe6 Qc7 31. Qf6 Bxe3 32. Rxe3 Re4 33. Rg3 Re8 0-1

[Event "FIDE WYCC Open U14 2023"]
[Site "Montesilvano"]
[Date "2023.11.17"]
[Round "5.1"]
[White "Ermitsch, Magnus"]
[Black "Sowinski, Pawel"]
[Result "1/2-1/2"]
[ECO "B47"]
[WhiteElo "2206"]
[BlackElo "2347"]
[Annotator "RC"]
[PlyCount "60"]
[EventDate "2023.11.13"]
[EventType "swiss"]
[EventCountry "ITA"]
[SourceTitle "playchess.com"]
[Source "ChessBase"]
[SourceQuality "1"]
[TimeControl "40/5400+30:1800+30"]

1. e4 c5 2. Nf3 e6 3. d4 cxd4 4. Nxd4 Nc6 5. Nc3 Qc7 6. g3 a6 7. Bg2 Nf6 8. O-O Nxd4 9. Qxd4 Bc5 10. Bf4 d6 11. Qd2 h6 12. Rad1 e5 13. Be3 Bb4 14. Nb5 axb5 15. Qxb4 O-O 16. a3 Be6 17. c3 Rfd8 18. Qxb5 Bc4 19. Qb6 Qxb6 20. Bxb6 Bxf1 21. Bxd8 Bxg2 22. Bxf6 Bf3 23. Rd3 Bxe4 24. Re3 Bc2 25. Be7 Ra6 26. c4 f6 27. Rc3 Bf5 28. b4 Be6 29. b5 Ra4 30. Bxd6 Rxc4 1/2-1/2

[Event "FIDE WYCC Open U14 2023"]
[Site "Montesilvano"]
[Date "2023.11.17"]
[Round "5.2"]
[White "Daakshin Arun"]
[Black "Rustamov, Rustam"]
[Result "1/2-1/2"]
[ECO "E42"]
[WhiteElo "2342"]
[BlackElo "2229"]
[Annotator "RC"]
[PlyCount "141"]
[EventDate "2023.11.13"]
[EventType "swiss"]
[EventCountry "ITA"]
[SourceTitle "playchess.com"]
[Source "ChessBase"]
[SourceQuality "1"]
[TimeControl "40/5400+30:1800+30"]

1. d4 Nf6 2. c4 e6 3. Nc3 Bb4 4. e3 c5 5. Nge2 cxd4 6. exd4 d5 7. c5 O-O 8. a3 Ba5 9. b4 Bc7 10. Nb5 Nc6 11. Nxc7 Qxc7 12. b5 Qa5+ 13. Bd2 Qxb5 14. Rb1 Qc4 15. Rc1 Qa6 16. Nc3 Qa5 17. Nxd5 Qd8 18. Nxf6+ Qxf6 19. Bd3 Rd8 20. Be3 Nxd4 21. O-O Nf5 22. Re1 Bd7 23. Qh5 Qg6 24. Qh3 Bc6 25. Bb1 Qf6 26. Bf4 Rd5 27. Be4 Rd7 28. Be5 Qg6 29. Bxf5 Qxf5 30. Qxf5 exf5 31. Rcd1 Rxd1 32. Rxd1 Re8 33. Bc7 f6 34. Rd8 Kf7 35. Rxe8 Kxe8 36. f3 Kd7 37. Ba5 Ke6 38. Kf2 Kd5 39. Bb4 Kd4 40. g3 f4 41. gxf4 f5 42. Ke2 g6 43. h3 a6 44. Kf2 Bb5 45. h4 Bd7 46. Ke2 Be8 47. Kf2 Bb5 48. Kg3 Ke3 49. Ba5 Bc6 50. Bb4 Bxf3 51. Bc3 Bd5 52. Be1 h6 53. Bc3 g5 54. hxg5 hxg5 55. Be5 Ke4 56. Bc7 gxf4+ 57. Bxf4 Kd4 58. Bd6 Kc4 59. Kf4 Be4 60. Ke5 a5 61. Bc7 Kb5 62. Bb6 Bc2 63. Kf4 a4 64. Bd8 Be4 65. Bb6 Kc4 66. Ba5 Bc2 67. Bb4 Kd4 68. Ba5 Be4 69. Be1 Kc4 70. Bb4 Kb3 71. Ke3 1/2-1/2

[Event "FIDE WYCC Open U14 2023"]
[Site "Montesilvano"]
[Date "2023.11.17"]
[Round "5.3"]
[White "Perossa, Nicolas"]
[Black "Farias, David Nuno M E"]
[Result "1-0"]
[ECO "B40"]
[WhiteElo "2330"]
[BlackElo "2149"]
[Annotator "RC"]
[PlyCount "125"]
[EventDate "2023.11.13"]
[EventType "swiss"]
[EventCountry "ITA"]
[SourceTitle "playchess.com"]
[Source "ChessBase"]
[SourceQuality "1"]
[TimeControl "40/5400+30:1800+30"]

1. e4 c5 2. Nf3 e6 3. g3 Nc6 4. Bg2 Nf6 5. Qe2 e5 6. c3 d6 7. h3 Be7 8. O-O O-O 9. Rd1 Re8 10. d4 exd4 11. cxd4 Bf8 12. Bg5 h6 13. Bxf6 Qxf6 14. Nc3 cxd4 15. Nd5 Qd8 16. Nxd4 Bd7 17. Nb5 Rc8 18. Ndc3 Qf6 19. Qd2 Red8 20. Nd5 Qg6 21. Qe3 a6 22. Nbc3 Qh5 23. g4 Qh4 24. Nb6 Rb8 25. Ncd5 Be6 26. Rac1 g6 27. Nf4 Re8 28. Bf1 Bg7 29. Nxe6 Rxe6 30. Bc4 Re7 31. Nd5 Ree8 32. Nf4 Ne5 33. Bd5 h5 34. Ng2 Qf6 35. f4 Nc6 36. Rd2 hxg4 37. hxg4 Nb4 38. Bb3 Qe7 39. a3 Nc6 40. Bd5 Rbc8 41. g5 Qd7 42. Rcd1 Qg4 43. Kh2 Nd8 44. Qh3 Qxh3+ 45. Kxh3 Rc7 46. Kg4 b5 47. Nh4 Kf8 48. f5 gxf5+ 49. exf5 Be5 50. f6 Ne6 51. Rh1 Nf4 52. Nf5 Ng6 53. Rh7 Rec8 54. Nh6 Rc4+ 55. Bxc4 Rxc4+ 56. Kf3 Nh4+ 57. Ke2 Ke8 58. Nxf7 Re4+ 59. Kd1 Nf3 60. Nxd6+ Bxd6 61. Rxd6 Nxg5 62. Ra7 Rf4 63. Rb6 1-0

[Event "FIDE WYCC Open U14 2023"]
[Site "Montesilvano"]
[Date "2023.11.17"]
[Round "5.4"]
[White "Ljepic, Andrej"]
[Black "Vingris, Mikelis"]
[Result "1-0"]
[ECO "B50"]
[WhiteElo "2236"]
[BlackElo "2127"]
[Annotator "ChessBase"]
[PlyCount "91"]
[EventDate "2023.11.13"]
[EventType "swiss"]
[EventCountry "ITA"]
[SourceTitle "playchess.com"]
[Source "ChessBase"]
[SourceQuality "1"]
[TimeControl "40/5400+30:1800+30"]

1. e4 c5 2. Nf3 d6 3. Bc4 Nf6 4. d3 e6 5. O-O Be7 6. c3 O-O 7. Bb3 b6 8. Re1 Bb7 9. Nbd2 Nbd7 10. Nf1 Re8 11. Ng3 Rc8 12. h3 Bf8 13. d4 c4 14. Ba4 Bc6 15. Bc2 e5 16. b3 b5 17. d5 Bb7 18. b4 Nb6 19. Be3 Qd7 20. a4 bxa4 21. Rxa4 Nxa4 22. Bxa4 Qc7 23. Bxe8 Rxe8 24. Qa4 a6 25. Nd2 Rc8 26. Ra1 Qd7 27. Qxd7 Nxd7 28. Ra5 g6 29. b5 axb5 30. Rxb5 Rc7 31. Ra5 Be7 32. Ra7 Kf8 33. Nb1 Nb8 34. Na3 Na6 35. Bb6 Rd7 36. Nxc4 Nc5 37. Bxc5 dxc5 38. Nxe5 Rc7 39. Nc4 Rd7 40. d6 Bf6 41. Nb6 Rxd6 42. Rxb7 Bxc3 43. Nd7+ Kg8 44. Nxc5 Rd1+ 45. Nf1 Bd4 46. Rd7 1-0

[Event "FIDE WYCC Open U14 2023"]
[Site "Montesilvano"]
[Date "2023.11.17"]
[Round "5.5"]
[White "Artemov, Andriy"]
[Black "Mamedov, Edgar"]
[Result "0-1"]
[ECO "E09"]
[WhiteElo "1779"]
[BlackElo "2234"]
[Annotator "ChessBase"]
[PlyCount "64"]
[EventDate "2023.11.13"]
[EventType "swiss"]
[EventCountry "ITA"]
[SourceTitle "playchess.com"]
[Source "ChessBase"]
[SourceQuality "1"]
[TimeControl "40/5400+30:1800+30"]

1. d4 d5 2. c4 e6 3. Nf3 Nf6 4. g3 Be7 5. Bg2 O-O 6. O-O Nbd7 7. Qc2 c6 8. Nbd2 b6 9. e4 dxc4 10. Nxc4 Bb7 11. Rd1 c5 12. d5 exd5 13. exd5 Bxd5 14. Bf4 Qc8 15. Re1 Re8 16. Ne3 Be4 17. Qc4 h6 18. Rad1 Qb7 19. Nf5 b5 20. Qc3 Bxf5 21. Ne5 Qc8 22. Bxa8 Qxa8 23. Nxd7 Bxd7 24. Re5 Be6 25. Rde1 Nd5 26. Qd2 Nxf4 27. gxf4 Rd8 28. Qe3 Bf6 29. f5 Bxe5 30. fxe6 Bf6 31. e7 Re8 32. Qxc5 Qb7 0-1

[Event "FIDE WYCC Open U14 2023"]
[Site "Montesilvano"]
[Date "2023.11.17"]
[Round "5.6"]
[White "Tabuenca Mendataurigoitia, Daniel"]
[Black "Lin, Leo"]
[Result "1-0"]
[ECO "B51"]
[WhiteElo "2383"]
[BlackElo "2097"]
[Annotator "RC"]
[PlyCount "61"]
[EventDate "2023.11.13"]
[EventType "swiss"]
[EventCountry "ITA"]
[SourceTitle "playchess.com"]
[Source "ChessBase"]
[SourceQuality "1"]
[TimeControl "40/5400+30:1800+30"]

1. e4 c5 2. Nf3 d6 3. Bb5+ Nd7 4. Ba4 Ngf6 5. O-O a6 6. c4 e6 7. Nc3 Be7 8. d4 cxd4 9. Qxd4 O-O 10. Rd1 Qc7 11. Bxd7 Bxd7 12. Bf4 Bc6 13. Bxd6 Bxd6 14. Qxd6 Qxd6 15. Rxd6 Bxe4 16. Ne5 Rac8 17. Rad1 Bc2 18. R1d2 Bf5 19. f3 h5 20. Na4 Rfe8 21. b4 Re7 22. Nb6 Rcc7 23. Rd8+ Re8 24. Rxe8+ Nxe8 25. Rd8 Kf8 26. Na8 Ke7 27. Rb8 f6 28. Nxc7 Nxc7 29. Rxb7 Kd6 30. c5+ Kxe5 31. Rxc7 1-0

[Event "FIDE WYCC Open U14 2023"]
[Site "Montesilvano"]
[Date "2023.11.17"]
[Round "5.7"]
[White "Medhus, Vitus Bondo"]
[Black "Agasarov, Benik"]
[Result "1/2-1/2"]
[ECO "B23"]
[WhiteElo "2108"]
[BlackElo "2360"]
[Annotator "RC"]
[PlyCount "87"]
[EventDate "2023.11.13"]
[EventType "swiss"]
[EventCountry "ITA"]
[SourceTitle "playchess.com"]
[Source "ChessBase"]
[SourceQuality "1"]
[TimeControl "40/5400+30:1800+30"]

1. e4 c5 2. Nc3 Nc6 3. f4 g6 4. Nf3 Bg7 5. a4 e6 6. e5 d6 7. Bb5 Nge7 8. Ne4 dxe5 9. fxe5 O-O 10. Nf6+ Kh8 11. d4 cxd4 12. Bg5 Qc7 13. Qe2 Nd5 14. Bxc6 bxc6 15. h4 Bxf6 16. Bxf6+ Nxf6 17. exf6 Qg3+ 18. Qf2 Qxf2+ 19. Kxf2 h6 20. Nxd4 c5 21. Nb3 Rb8 22. Rab1 Rb4 23. Nxc5 Rc4 24. b4 Rxc2+ 25. Kf3 Rc3+ 26. Kf2 Rc4 27. Rhc1 Rxh4 28. b5 e5 29. a5 Rf4+ 30. Ke3 Rxf6 31. b6 axb6 32. axb6 Kg7 33. b7 Bxb7 34. Rxb7 Ra8 35. Ne4 Rf4 36. Rc3 h5 37. Ng5 Rf5 38. Rcc7 Ra3+ 39. Ke4 Ra4+ 40. Ke3 Ra3+ 41. Ke4 Kf6 42. Nh7+ Kg7 43. Ng5 Kf6 44. Nh7+ 1/2-1/2

[Event "FIDE WYCC Open U14 2023"]
[Site "Montesilvano"]
[Date "2023.11.17"]
[Round "5.8"]
[White "Arca, Christian Gian Karlo"]
[Black "Kuziev, Miraziz"]
[Result "*"]
[ECO "A45"]
[WhiteElo "2347"]
[BlackElo "2053"]
[Annotator "RC"]
[PlyCount "106"]
[EventDate "2023.11.13"]
[EventType "swiss"]
[EventCountry "ITA"]
[SourceTitle "playchess.com"]
[Source "ChessBase"]
[SourceQuality "1"]
[TimeControl "40/5400+30:1800+30"]

1. d4 Nf6 2. Bf4 g6 3. Nc3 d5 4. Nb5 Na6 5. e3 Bg7 6. h3 O-O 7. Nf3 c6 8. Nc3 Nb8 9. Be2 b5 10. a3 Nbd7 11. O-O a5 12. b4 Nb6 13. Ne5 Bb7 14. Qb1 a4 15. Nd3 Nfd7 16. Qa2 Nc4 17. Rad1 e5 18. dxe5 Qe7 19. Nb1 Ncxe5 20. Nd2 Nc4 21. Nxc4 bxc4 22. Ne1 g5 23. Bh2 Nf6 24. Bf3 h5 25. Rd4 Bc8 26. c3 g4 27. hxg4 hxg4 28. Be2 Ne4 29. Qc2 Bxd4 30. exd4 Re8 31. Qc1 Bf5 32. Bd1 Qg5 33. Bf4 Qg6 34. g3 f6 35. Ng2 Ng5 36. Nh4 Nh3+ 37. Kg2 Qh5 38. Nxf5 Qxf5 39. Bc2 Qh5 40. Be3 Nf4+ 41. Bxf4 Qh3+ 42. Kg1 Kf7 43. Bg5 Rh8 44. Bh4 Rxh4 45. gxh4 g3 46. Bg6+ Kg7 47. fxg3 Qxg3+ 48. Kh1 Qxh4+ 49. Kg2 Rh8 50. Bf5 Rh5 51. Qf4 Rg5+ 52. Kf3 Qh5+ 53. Bg4 Qg6 *

[Event "FIDE WYCC Open U14 2023"]
[Site "Montesilvano"]
[Date "2023.11.17"]
[Round "5.9"]
[White "Dotzer, Lukas"]
[Black "Bolat, Inayat"]
[Result "1/2-1/2"]
[ECO "C70"]
[WhiteElo "2339"]
[BlackElo "2088"]
[Annotator "RC"]
[PlyCount "87"]
[EventDate "2023.11.13"]
[EventType "swiss"]
[EventCountry "ITA"]
[SourceTitle "playchess.com"]
[Source "ChessBase"]
[SourceQuality "1"]
[TimeControl "40/5400+30:1800+30"]

1. e4 e5 2. Nf3 Nc6 3. Bb5 a6 4. Ba4 Nge7 5. c3 Ng6 6. d4 exd4 7. cxd4 Bb4+ 8. Nc3 d5 9. exd5 Bxc3+ 10. bxc3 Qxd5 11. O-O O-O 12. Bb3 Qh5 13. Ng5 Qxd1 14. Rxd1 h6 15. Ne4 Na5 16. Bc2 Re8 17. Rb1 b6 18. f3 Bb7 19. d5 Rad8 20. d6 Bxe4 21. fxe4 Nc4 22. dxc7 Rxd1+ 23. Bxd1 Rc8 24. Be2 Rxc7 25. Rb4 Nd6 26. Rxb6 Nxe4 27. c4 a5 28. Bd3 Nf6 29. Bf4 Re7 30. Bd6 Re3 31. Bf5 Rc3 32. c5 Nd5 33. Rb1 Ne3 34. Be4 f5 35. Bb7 Nc4 36. Bd5+ Kh7 37. Bxc4 Rxc4 38. Rb6 f4 39. c6 Nh4 40. c7 Rc1+ 41. Kf2 Rc2+ 42. Kg1 Rc1+ 43. Kf2 Rc2+ 44. Kg1 1/2-1/2

[Event "FIDE WYCC Open U14 2023"]
[Site "Montesilvano"]
[Date "2023.11.17"]
[Round "5.10"]
[White "Bharadia Yash"]
[Black "Cieslak, Patryk"]
[Result "*"]
[ECO "B90"]
[WhiteElo "2071"]
[BlackElo "2284"]
[Annotator "ChessBase"]
[PlyCount "85"]
[EventDate "2023.11.13"]
[EventType "swiss"]
[EventCountry "ITA"]
[SourceTitle "playchess.com"]
[Source "ChessBase"]
[SourceQuality "1"]
[TimeControl "40/5400+30:1800+30"]

1. e4 c5 2. Nf3 d6 3. d4 cxd4 4. Nxd4 Nf6 5. Nc3 a6 6. Be3 e5 7. Nb3 Be7 8. f3 Be6 9. Qd2 h5 10. Nd5 Nxd5 11. exd5 Bf5 12. Be2 a5 13. a4 O-O 14. O-O Nd7 15. f4 exf4 16. Bxf4 Rc8 17. c3 Nf6 18. Nd4 Be4 19. Rae1 Nxd5 20. Bxh5 Nf6 21. Be2 d5 22. Bb5 Bg6 23. Bg5 Ne4 24. Bxe7 Nxd2 25. Bxd8 Rfxd8 26. Rf2 Ne4 27. Rf4 Rd6 28. Nf5 Bxf5 29. Rxf5 Rcd8 30. h3 Kf8 31. Ref1 Rf6 32. Re5 Rxf1+ 33. Kxf1 f6 34. Re6 Nc5 35. Re1 Ne4 36. Ke2 Ke7 37. Kf3 f5 38. h4 Kf6 39. Kf4 Rh8 40. g3 g5+ 41. hxg5+ Nxg5 42. Rd1 Ne6+ 43. Kf3 *

[Event "FIDE WYCC Open U14 2023"]
[Site "Montesilvano"]
[Date "2023.11.17"]
[Round "5.11"]
[White "Matyassy, Lazar"]
[Black "La Barbera, Manfredi"]
[Result "*"]
[ECO "C50"]
[WhiteElo "2281"]
[BlackElo "2043"]
[Annotator "ChessBase"]
[PlyCount "82"]
[EventDate "2023.11.13"]
[EventType "swiss"]
[EventCountry "ITA"]
[SourceTitle "playchess.com"]
[Source "ChessBase"]
[SourceQuality "1"]
[TimeControl "40/5400+30:1800+30"]

1. e4 e5 2. Nf3 Nc6 3. Bc4 Nf6 4. d3 Bc5 5. Nc3 a6 6. Bg5 h6 7. Bh4 g5 8. Bg3 d6 9. h4 g4 10. Nd2 Nh5 11. Nd5 Be6 12. c3 Ba7 13. a4 Ne7 14. Qb3 Bxd5 15. Bxd5 Nxd5 16. Qxd5 Qf6 17. Qxb7 O-O 18. Rf1 Bb6 19. Qc6 Rab8 20. a5 Bc5 21. b4 Ba7 22. Qxa6 Ra8 23. Qc6 Nf4 24. Bxf4 exf4 25. O-O-O Rfb8 26. Kc2 Qe6 27. Nc4 Qe7 28. h5 Rd8 29. g3 f3 30. Rde1 Qg5 31. d4 d5 32. exd5 Qf5+ 33. Kb3 Rab8 34. Re3 Rxd5 35. Re8+ Rxe8 36. Qxe8+ Kg7 37. Ne3 Qd3 38. Nxd5 Qxf1 39. Qe5+ Kg8 40. Qe8+ Kg7 41. Qe5+ Kg8 *

[Event "FIDE WYCC Open U14 2023"]
[Site "Montesilvano"]
[Date "2023.11.17"]
[Round "5.12"]
[White "Kozlovic, Jernej"]
[Black "Pleschke, Julius Jonas"]
[Result "*"]
[ECO "B12"]
[WhiteElo "2263"]
[BlackElo "2024"]
[Annotator "ChessBase"]
[PlyCount "87"]
[EventDate "2023.11.13"]
[EventType "swiss"]
[EventCountry "ITA"]
[SourceTitle "playchess.com"]
[Source "ChessBase"]
[SourceQuality "1"]
[TimeControl "40/5400+30:1800+30"]

1. e4 c6 2. d4 d5 3. exd5 cxd5 4. Bd3 Nc6 5. c3 Nf6 6. Bf4 Bg4 7. Qb3 Qd7 8. Nd2 e6 9. Ngf3 Bd6 10. Bxd6 Qxd6 11. O-O O-O 12. Rfe1 Ne7 13. Ne5 Bf5 14. Bxf5 Nxf5 15. Qxb7 Rab8 16. Qxa7 Rxb2 17. Nb3 Ne4 18. Rxe4 Rxb3 19. axb3 dxe4 20. Qc5 f6 21. Qxd6 Nxd6 22. Nc6 Kf7 23. Ra7+ Kg6 24. Kf1 Nb5 25. Ne7+ Kh6 26. Ra6 Nxc3 27. Rxe6 Ra8 28. g3 Ra1+ 29. Kg2 Rd1 30. h4 Kh5 31. Kh3 Rh1+ 32. Kg2 Rd1 33. Nf5 Kg6 34. Ne3 Rxd4 35. Re7 h5 36. Rxg7+ Kxg7 37. Nf5+ Kg6 38. Nxd4 Nd5 39. Kf1 f5 40. Ne2 Kf7 41. Nf4 Nf6 42. Ke2 Ke7 43. Ke3 Ng4+ 44. Kd4 *

[Event "FIDE WYCC Open U14 2023"]
[Site "Montesilvano"]
[Date "2023.11.17"]
[Round "5.13"]
[White "Dinh Nho Kiet"]
[Black "Escudero Ribo, Eloi"]
[Result "1-0"]
[ECO "D85"]
[WhiteElo "2253"]
[BlackElo "1929"]
[Annotator "ChessBase"]
[PlyCount "43"]
[EventDate "2023.11.13"]
[EventType "swiss"]
[EventCountry "ITA"]
[SourceTitle "playchess.com"]
[Source "ChessBase"]
[SourceQuality "1"]
[TimeControl "40/5400+30:1800+30"]

1. d4 Nf6 2. c4 g6 3. Nc3 d5 4. cxd5 Nxd5 5. Bd2 Bg7 6. e4 Nxc3 7. Bxc3 c5 8. d5 Bxc3+ 9. bxc3 O-O 10. Qd2 e6 11. d6 Nc6 12. Nf3 e5 13. h4 Bg4 14. h5 Bxf3 15. gxf3 Qf6 16. hxg6 fxg6 17. Bc4+ Kh8 18. Rh3 Rad8 19. Rd1 Rd7 20. Qe3 Rfd8 21. Ke2 Rxd6 22. Rxh7+ 1-0

[Event "FIDE WYCC Open U14 2023"]
[Site "Montesilvano"]
[Date "2023.11.17"]
[Round "5.14"]
[White "Brattgjerd, Isak Vinh"]
[Black "Radzimski, Antoni"]
[Result "1-0"]
[ECO "C78"]
[WhiteElo "2235"]
[BlackElo "1904"]
[Annotator "ChessBase"]
[PlyCount "65"]
[EventDate "2023.11.13"]
[EventType "swiss"]
[EventCountry "ITA"]
[SourceTitle "playchess.com"]
[Source "ChessBase"]
[SourceQuality "1"]
[TimeControl "40/5400+30:1800+30"]

1. e4 e5 2. Nf3 Nc6 3. Bb5 a6 4. Ba4 Nf6 5. O-O b5 6. Bb3 Bb7 7. Nc3 Be7 8. d3 d6 9. a4 b4 10. Nd5 Nxd5 11. Bxd5 Na5 12. Bxb7 Nxb7 13. d4 Bf6 14. dxe5 dxe5 15. Qe2 O-O 16. Be3 Qd6 17. Rfd1 Qe6 18. Rd5 Rfd8 19. Rad1 Rxd5 20. Rxd5 c6 21. Rd1 a5 22. b3 Be7 23. Nd2 Nd6 24. Bc5 h6 25. h3 g6 26. Bxd6 Qxd6 27. Nc4 Qc5 28. Rd3 Rd8 29. Qe3 Rd4 30. Rxd4 exd4 31. Qf4 d3 32. cxd3 Qd4 33. Qe5 1-0

[Event "FIDE WYCC Open U14 2023"]
[Site "Montesilvano"]
[Date "2023.11.17"]
[Round "5.15"]
[White "Gkavardinas, Antonios"]
[Black "Yun, Hungi"]
[Result "0-1"]
[ECO "B90"]
[WhiteElo "2230"]
[BlackElo "1884"]
[Annotator "ChessBase"]
[PlyCount "84"]
[EventDate "2023.11.13"]
[EventType "swiss"]
[EventCountry "ITA"]
[SourceTitle "playchess.com"]
[Source "ChessBase"]
[SourceQuality "1"]
[TimeControl "40/5400+30:1800+30"]

1. e4 c5 2. Nf3 d6 3. d4 cxd4 4. Nxd4 Nf6 5. Nc3 a6 6. Be3 Ng4 7. Bc1 Nf6 8. f3 e6 9. Be3 b5 10. Qd2 Nbd7 11. g4 b4 12. Nce2 h6 13. g5 hxg5 14. Bxg5 Qc7 15. O-O-O Be7 16. Ng3 Bb7 17. Bxf6 Nxf6 18. Qxb4 d5 19. Qa4+ Nd7 20. Kb1 O-O 21. c3 Rfd8 22. Qc2 Nf6 23. Bd3 Rab8 24. Rhg1 dxe4 25. Nxe4 Nxe4 26. fxe4 Bf6 27. Qf2 Qe5 28. Rg4 Ba8 29. Rf1 Kf8 30. Bc2 Rd7 31. Qe2 Rxd4 32. cxd4 Qxd4 33. Bb3 Rb4 34. h3 Bxe4+ 35. Ka1 Qe5 36. Qd2 Rd4 37. Qc1 a5 38. Re1 a4 39. Bc2 a3 40. Kb1 Bxc2+ 41. Kxc2 Qf5+ 42. Kb3 Qb5+ 0-1

[Event "FIDE WYCC Open U14 2023"]
[Site "Montesilvano"]
[Date "2023.11.17"]
[Round "5.16"]
[White "Haug, Havard"]
[Black "Daaevik Wadhawan"]
[Result "*"]
[WhiteElo "2223"]
[BlackElo "1810"]
[Annotator "ChessBase"]
[PlyCount "88"]
[EventDate "2023.11.13"]
[EventType "swiss"]
[EventCountry "ITA"]
[SourceTitle "playchess.com"]
[Source "ChessBase"]
[SourceQuality "1"]
[TimeControl "40/5400+30:1800+30"]

1. d4 Nf6 2. Nc3 d5 3. Bf4 g6 4. e3 Bg7 5. h4 O-O 6. h5 c5 7. hxg6 hxg6 8. Qd2 Nc6 9. O-O-O Qa5 10. a3 Rd8 11. Bh6 Bxh6 12. Rxh6 Be6 13. Rh1 Kg7 14. Bb5 cxd4 15. exd4 Rh8 16. Nge2 Qc7 17. f3 Qd6 18. Qg5 Rxh1 19. Rxh1 Rh8 20. Rxh8 Kxh8 21. Bxc6 Qxc6 22. Qe5 Kh7 23. Nf4 Nd7 24. Qg5 Nf6 25. Qe5 Nd7 26. Qe3 a6 27. g4 Qd6 28. Nce2 g5 29. Nd3 f6 30. Nc5 Nxc5 31. dxc5 Qe5 32. Qxe5 fxe5 33. Ng3 Kg6 34. Kd2 Kf6 35. Ke3 Bf7 36. b4 Be8 37. c3 Ba4 38. Ne2 Ke6 39. c4 d4+ 40. Kf2 Bc2 41. Ng3 Bd3 42. Ne4 Bxc4 43. Nxg5+ Kd5 44. Ne4 Bb5 *

[Event "FIDE WYCC Open U14 2023"]
[Site "Montesilvano"]
[Date "2023.11.17"]
[Round "5.17"]
[White "Katsanis, Vasileios Dim"]
[Black "Prokhorov, Aleksey"]
[Result "0-1"]
[ECO "E92"]
[WhiteElo "2173"]
[BlackElo "1869"]
[Annotator "ChessBase"]
[PlyCount "94"]
[EventDate "2023.11.13"]
[EventType "swiss"]
[EventCountry "ITA"]
[SourceTitle "playchess.com"]
[Source "ChessBase"]
[SourceQuality "1"]
[TimeControl "40/5400+30:1800+30"]

1. d4 Nf6 2. c4 g6 3. Nc3 Bg7 4. e4 d6 5. Nf3 O-O 6. Be2 e5 7. d5 a5 8. Be3 Ng4 9. Bg5 f6 10. Bh4 Nh6 11. Nd2 Nf7 12. O-O Bh6 13. b3 Na6 14. a3 Nc5 15. Rb1 Bd7 16. Re1 b6 17. Nf1 Ng5 18. Bxg5 Bxg5 19. Bg4 f5 20. Bh3 Qf6 21. exf5 gxf5 22. b4 axb4 23. axb4 Na4 24. Qc2 Nxc3 25. Qxc3 e4 26. Qb3 Be8 27. Ng3 Bg6 28. Qc2 Qe5 29. c5 e3 30. f3 Bh4 31. Qc4 f4 32. Rbd1 b5 33. Qd4 Qxd4 34. Rxd4 dxc5 35. bxc5 Ra4 36. Rdd1 fxg3 37. Rxe3 Bf6 38. Kh1 Bd4 39. Re2 Bxc5 40. hxg3 b4 41. Rb2 Rfa8 42. Be6+ Kf8 43. f4 Ra1 44. Rxa1 Rxa1+ 45. Kh2 Rb1 46. Re2 b3 47. f5 Bh5 0-1

[Event "FIDE WYCC Open U14 2023"]
[Site "Montesilvano"]
[Date "2023.11.17"]
[Round "5.18"]
[White "Fan, Jingyi"]
[Black "Tregubenko, Nikolay"]
[Result "1/2-1/2"]
[ECO "E99"]
[WhiteElo "2035"]
[BlackElo "2138"]
[Annotator "NA"]
[PlyCount "82"]
[EventDate "2023.11.13"]
[EventType "swiss"]
[EventCountry "ITA"]
[SourceTitle "playchess.com"]
[Source "ChessBase"]
[SourceQuality "1"]
[TimeControl "40/5400+30:1800+30"]

1. d4 Nf6 2. Nf3 g6 3. c4 Bg7 4. Nc3 O-O 5. e4 d6 6. Be2 e5 7. O-O Nc6 8. d5 Ne7 9. Ne1 Nd7 10. f3 f5 11. Nd3 f4 12. b4 g5 13. c5 Nf6 14. a4 h5 15. a5 Ng6 16. b5 g4 17. fxg4 hxg4 18. c6 bxc6 19. dxc6 Be6 20. Nf2 f3 21. gxf3 Nh5 22. fxg4 Nhf4 23. Ra3 Qh4 24. Nd5 Bxd5 25. exd5 Rf7 26. Be3 e4 27. Nxe4 Bb2 28. Bf2 Nxe2+ 29. Qxe2 Rxf2 30. Nxf2 Bxa3 31. Qd3 Ne5 32. Qxa3 Rf8 33. Qh3 Nf3+ 34. Kh1 Qg5 35. Qg2 Nh4 36. Qe4 Rxf2 37. Qe8+ Kg7 38. Qd7+ Kg6 39. Qe6+ Kg7 40. Qd7+ Kg6 41. Qe8+ Kg7 1/2-1/2

[Event "FIDE WYCC Open U14 2023"]
[Site "Montesilvano"]
[Date "2023.11.17"]
[Round "5.19"]
[White "Dumanuly, Sultanbeibarys"]
[Black "Villa Tornero, Alex"]
[Result "*"]
[ECO "B15"]
[WhiteElo "1931"]
[BlackElo "2383"]
[Annotator "RC"]
[PlyCount "95"]
[EventDate "2023.11.13"]
[EventType "swiss"]
[EventCountry "ITA"]
[SourceTitle "playchess.com"]
[Source "ChessBase"]
[SourceQuality "1"]
[TimeControl "40/5400+30:1800+30"]

1. e4 c6 2. d4 d5 3. Nc3 dxe4 4. Nxe4 Nf6 5. Nxf6+ exf6 6. c3 Bd6 7. Bd3 O-O 8. Qc2 Re8+ 9. Ne2 h5 10. O-O Qc7 11. h3 h4 12. c4 Be6 13. f4 f5 14. Rf3 Nd7 15. Be3 b5 16. b3 g6 17. Bf2 Be7 18. cxb5 Bf6 19. Rc1 Bd5 20. Re3 Rxe3 21. Bxe3 Re8 22. Bf2 Re6 23. Bc4 Be4 24. Qd2 Rd6 25. bxc6 Nb6 26. Nc3 Rxc6 27. Bb5 Rxc3 28. Qxc3 Qxf4 29. Qe3 Qd6 30. Bc4 Qd8 31. Rd1 Nd5 32. Bxd5 Qxd5 33. Rc1 Kg7 34. Rc5 Qb7 35. d5 Bxd5 36. Qd2 Bxg2 37. Bd4 Be4 38. Bxf6+ Kxf6 39. Qd8+ Kg7 40. Rc8 Qb6+ 41. Qxb6 axb6 42. a4 g5 43. b4 g4 44. a5 bxa5 45. bxa5 g3 46. Rc4 Bb7 47. Rxh4 Kg6 48. Rb4 *

[Event "FIDE WYCC Open U14 2023"]
[Site "Montesilvano"]
[Date "2023.11.17"]
[Round "5.20"]
[White "Uskov, Artem"]
[Black "Hobson, Kenneth"]
[Result "1-0"]
[ECO "A05"]
[WhiteElo "2380"]
[BlackElo "2142"]
[Annotator "RC"]
[PlyCount "65"]
[EventDate "2023.11.13"]
[EventType "swiss"]
[EventCountry "ITA"]
[SourceTitle "playchess.com"]
[Source "ChessBase"]
[SourceQuality "1"]
[TimeControl "40/5400+30:1800+30"]

1. Nf3 Nf6 2. c4 e6 3. Nc3 d5 4. e3 c5 5. cxd5 exd5 6. d4 Nc6 7. Be2 Bg4 8. O-O Be7 9. h3 Be6 10. b3 O-O 11. Bb2 Rc8 12. a3 Ne4 13. dxc5 Nxc5 14. Nb5 Bf6 15. Nbd4 Nxd4 16. Nxd4 Qb6 17. Nxe6 fxe6 18. Bxf6 Rxf6 19. b4 Ne4 20. Bd3 Nd6 21. Qh5 Nf5 22. Rac1 Rcf8 23. Rc5 Qd6 24. Rfc1 g6 25. Qg5 Ne7 26. Rc7 Nc6 27. Rxb7 Ne5 28. Qh6 Nf7 29. Qh4 e5 30. Rxa7 e4 31. Ra6 exd3 32. Rxd6 Nxd6 33. Qd4 1-0